[Event "Romanian-ch Youth Open U14 2024"]
[Site "Eforie Nord"]
[Date "2024.04.12"]
[Round "1.1"]
[White "Ilinca, Felix-Antonio"]
[Black "Oprea, Paul Angel Andrei"]
[Result "1-0"]
[ECO "B54"]
[WhiteElo "2371"]
[BlackElo "1663"]
[Annotator "RC"]
[PlyCount "85"]
[EventDate "2024.04.10"]
[EventType "swiss"]
[EventCountry "ROU"]
[SourceTitle "playchess.com"]
[Source "ChessBase"]
[SourceQuality "1"]
[TimeControl "5400+30"]

1. e4 c5 2. Nf3 d6 3. d4 cxd4 4. Nxd4 a6 5. c4 Nf6 6. Nc3 g6 7. Be2 Bg7 8. O-O Qc7 9. Be3 O-O 10. Rc1 Nbd7 11. h3 b6 12. Nd5 Nxd5 13. cxd5 Qb7 14. Nc6 Re8 15. b4 Nf6 16. Bf3 Nd7 17. a4 Ne5 18. Be2 Nxc6 19. Rxc6 b5 20. Qc2 bxa4 21. Rc7 Qxb4 22. Rb1 Qa3 23. Bc1 Bb2 24. Rxb2 Qa1 25. Rc3 Bd7 26. Rb1 Qxc3 27. Qxc3 Rec8 28. Qd4 Rc2 29. Bd1 Rxc1 30. Rxc1 Rb8 31. Qa7 Rd8 32. Qc7 Rc8 33. Qxc8+ Bxc8 34. Rxc8+ Kg7 35. Bxa4 a5 36. f4 e5 37. fxe5 dxe5 38. d6 Kh6 39. d7 f5 40. d8=Q fxe4 41. Qh4+ Kg7 42. Rc7+ Kf8 43. Qd8# 1-0

[Event "Romanian-ch Youth Open U14 2024"]
[Site "Eforie Nord"]
[Date "2024.04.12"]
[Round "1.2"]
[White "Nasui, Andrei-Catalin"]
[Black "Dodoi, Matei-Teodor"]
[Result "0-1"]
[ECO "A13"]
[WhiteElo "1653"]
[BlackElo "2070"]
[Annotator "TA"]
[PlyCount "68"]
[EventDate "2024.04.10"]
[EventType "swiss"]
[EventCountry "ROU"]
[SourceTitle "playchess.com"]
[Source "ChessBase"]
[SourceQuality "1"]
[TimeControl "5400+30"]

1. Nf3 Nf6 2. b3 d5 3. Bb2 c5 4. e3 e6 5. c4 Nc6 6. d4 cxd4 7. exd4 Bb4+ 8. Nbd2 Ne4 {[%emt 0:01:09] Strongly threatening ...Qf6.} 9. a3 Nxd2 {[%emt 0:01:51] The position is equal.} 10. Nxd2 Be7 11. Nf3 Bf6 12. Be2 (12. c5 $11) 12... O-O 13. O-O b6 14. Rc1 (14. cxd5 $11 {should be considered.} Qxd5 15. Ne5) 14... Bb7 15. Qd2 Na5 16. Qe3 Rc8 17. Rfd1 Qe7 18. Ne5 Rfd8 19. f4 dxc4 20. b4 Nc6 {[%emt 0:06:06] Threatening ...b5.} 21. Nxc6 (21. Bxc4 $11 Nxe5 22. dxe5) 21... Rxc6 $17 22. Rxc4 Rxc4 23. Bxc4 g6 24. Be2 Bd5 25. Bf3 Kg7 26. Bxd5 Rxd5 27. g3 Qd7 28. Rd2 a5 29. Qc3 axb4 30. Qxb4 Rb5 31. Qc3 Qd5 {[%emt 0:00:38] Black is more active.} 32. Rd3 (32. Qc2 $17 {was called for.}) 32... Qa2 $19 33. Rd2 (33. Bc1) 33... Rb3 34. Qc1 {[%emt 0:00:31] [#]} Rxb2 $1 {[%emt 0:01:36][%mdl 512] Weighted Error Value: White=0.43/Black=0.09 (flawless) .  Mistake:       	White=5     	---        Inaccurate:     	White=3     	Black=5      OK:         	White=6     	Black=10     Best:        	White=1     	Black=2} 0-1

[Event "Romanian-ch Youth Open U14 2024"]
[Site "Eforie Nord"]
[Date "2024.04.13"]
[Round "2.1"]
[White "Mohonea, Alexandru"]
[Black "Ilinca, Felix-Antonio"]
[Result "0-1"]
[ECO "A58"]
[WhiteElo "1748"]
[BlackElo "2371"]
[Annotator "RC"]
[PlyCount "50"]
[EventDate "2024.04.10"]
[EventType "swiss"]
[EventCountry "ROU"]
[SourceTitle "playchess.com"]
[Source "ChessBase"]
[SourceQuality "1"]
[TimeControl "5400+30"]

1. d4 Nf6 2. c4 c5 3. d5 b5 4. cxb5 a6 5. bxa6 e6 6. Nc3 exd5 7. Nxd5 Be7 8. Nxe7 Qxe7 9. e3 O-O 10. a4 h6 11. Bb5 Nxa6 12. Ne2 Bb7 13. O-O Rfd8 14. Nc3 d5 15. Re1 Nb4 16. Na2 Nxa2 17. Rxa2 d4 18. Qe2 Qd6 19. Ra3 Rac8 20. Rd1 Qe6 21. exd4 Rxd4 22. Be3 Qd5 23. Bc1 Qe6 24. Re1 Re4 25. Re3 Qd5 0-1

[Event "Romanian-ch Youth Open U14 2024"]
[Site "Eforie Nord"]
[Date "2024.04.13"]
[Round "2.2"]
[White "Dodoi, Matei-Teodor"]
[Black "Codru, Raul Cristian"]
[Result "1-0"]
[ECO "D43"]
[WhiteElo "2070"]
[BlackElo "1735"]
[Annotator "RC"]
[PlyCount "65"]
[EventDate "2024.04.10"]
[EventType "swiss"]
[EventCountry "ROU"]
[SourceTitle "playchess.com"]
[Source "ChessBase"]
[SourceQuality "1"]
[TimeControl "5400+30"]

1. d4 Nf6 2. c4 e6 3. Nf3 d5 4. Nc3 dxc4 5. Qa4+ Nbd7 6. e4 c6 7. Qxc4 Nb6 8. Qd3 Be7 9. Be3 Ng4 10. Bf4 h5 11. Be2 Bb4 12. O-O Qf6 13. Qd2 Qg6 14. Bd3 f6 15. e5 f5 16. a3 Be7 17. b4 Bd7 18. Rfc1 Nd5 19. Nxd5 exd5 20. h3 Nh6 21. e6 Bxe6 22. b5 Bd7 23. bxc6 bxc6 24. Ne5 Qf6 25. Rab1 Bxa3 26. Nxd7 Kxd7 27. Rb7+ Ke8 28. Re1+ Kf8 29. Be5 Qh4 30. Bxg7+ Kg8 31. Bxh6 Bf8 32. Bxf8 Rxf8 33. Ree7 1-0

[Event "Romanian-ch Youth Open U14 2024"]
[Site "Eforie Nord"]
[Date "2024.04.13"]
[Round "3.1"]
[White "Ilinca, Felix-Antonio"]
[Black "Ivancescu, Bogdan-Andrei"]
[Result "1-0"]
[ECO "B27"]
[WhiteElo "2371"]
[BlackElo "1837"]
[Annotator "RC"]
[PlyCount "67"]
[EventDate "2024.04.10"]
[EventType "swiss"]
[EventCountry "ROU"]
[SourceTitle "playchess.com"]
[Source "ChessBase"]
[SourceQuality "1"]
[TimeControl "5400+30"]

1. e4 c5 2. Nf3 g6 3. Bc4 Bg7 4. c3 e6 5. Qe2 d6 6. d4 cxd4 7. cxd4 Ne7 8. d5 e5 9. O-O O-O 10. Nbd2 h6 11. b3 a5 12. Bd3 b6 13. Nc4 Na6 14. Be3 Nc5 15. Nfd2 f5 16. f3 f4 17. Bf2 g5 18. Rfb1 b5 19. Na3 Nxd3 20. Qxd3 Ba6 21. Nxb5 Qd7 22. a4 Rfb8 23. Nc4 Bxb5 24. axb5 Qxb5 25. Qc3 Nc8 26. Rxa5 Rxa5 27. Qxa5 Qd7 28. b4 Rb5 29. Qa8 Kh7 30. Qc6 Qb7 31. Qxb7 Rxb7 32. b5 Bf6 33. Na5 Rb8 34. Nc6 1-0

[Event "Romanian-ch Youth Open U14 2024"]
[Site "Eforie Nord"]
[Date "2024.04.13"]
[Round "3.2"]
[White "Costache, Andrei Eugeniu"]
[Black "Dodoi, Matei-Teodor"]
[Result "0-1"]
[ECO "B43"]
[WhiteElo "1867"]
[BlackElo "2070"]
[Annotator "RC"]
[PlyCount "70"]
[EventDate "2024.04.10"]
[EventType "swiss"]
[EventCountry "ROU"]
[SourceTitle "playchess.com"]
[Source "ChessBase"]
[SourceQuality "1"]
[TimeControl "5400+30"]

1. e4 c5 2. Nf3 e6 3. d4 cxd4 4. Nxd4 a6 5. Nc3 Qc7 6. Bd3 Bc5 7. Nb3 Be7 8. O-O Nf6 9. Qf3 Nc6 10. Bf4 d6 11. Bg3 O-O 12. Qe2 e5 13. f4 Be6 14. Nd5 Nxd5 15. exd5 Bxd5 16. c4 e4 17. Bb1 Be6 18. Qxe4 g6 19. f5 gxf5 20. Rxf5 Rfd8 21. Rf3 Bg5 22. Qxh7+ Kf8 23. Qh5 Ne5 24. Bxe5 dxe5 25. Qxg5 Rd1+ 26. Kf2 Qxc4 27. Qxe5 Rf1+ 28. Ke3 Re1+ 29. Kf2 Rxe5 30. Bd3 Qh4+ 31. Rg3 Bxb3 32. axb3 Rd8 33. Ra4 Qf6+ 34. Rf3 Qxf3+ 35. gxf3 Rxd3 0-1

[Event "Romanian-ch Youth Open U14 2024"]
[Site "Eforie Nord"]
[Date "2024.04.14"]
[Round "4.1"]
[White "Tanasie, Cosmin"]
[Black "Ilinca, Felix-Antonio"]
[Result "1/2-1/2"]
[ECO "A46"]
[WhiteElo "2017"]
[BlackElo "2371"]
[Annotator "RC"]
[PlyCount "179"]
[EventDate "2024.04.10"]
[EventType "swiss"]
[EventCountry "ROU"]
[SourceTitle "playchess.com"]
[Source "ChessBase"]
[SourceQuality "1"]
[TimeControl "5400+30"]

1. d4 d6 2. Bf4 Nd7 3. Nf3 Ngf6 4. Nc3 c6 5. e4 Qc7 6. e5 Nh5 7. exd6 exd6 8. Bg5 Nb6 9. Bd3 h6 10. Qe2+ Be7 11. Bxe7 Qxe7 12. Qxe7+ Kxe7 13. O-O-O Be6 14. g3 Kd7 15. Nh4 a5 16. Rhe1 a4 17. a3 Ra5 18. Rd2 g5 19. Ng2 Nf6 20. f3 Nbd5 21. Nxd5 Bxd5 22. Be4 Be6 23. Bd3 b5 24. c3 Raa8 25. Rde2 Rae8 26. Kd2 h5 27. f4 g4 28. Nh4 Kd8 29. Bf5 Bd5 30. Rxe8+ Rxe8 31. Rxe8+ Kxe8 32. Ke3 Be6 33. Be4 Kd7 34. Bd3 Nd5+ 35. Ke4 Ke7 36. Be2 Kf6 37. Kd3 Bf5+ 38. Kd2 Be4 39. Bf1 Nb6 40. Ke3 d5 41. Kd2 Nc8 42. Ke3 Nd6 43. Kd2 Ke6 44. Ke3 Kd7 45. Kd2 Kc7 46. Ke3 Kb6 47. Kd2 c5 48. Ke3 Kc6 49. Be2 Bb1 50. Bf1 Ne4 51. Ng2 Bc2 52. Ne1 Bb1 53. Bd3 Bxd3 54. Nxd3 f6 55. dxc5 Nxc5 56. Nb4+ Kd6 57. Kd4 Ne6+ 58. Kd3 Ng7 59. Nc2 Kc6 60. Nd4+ Kb6 61. Ke3 Ne8 62. Nf5 Kc5 63. Kd3 Nd6 64. Ng7 Nc4 65. Kc2 Ne3+ 66. Kd3 Nc4 67. Kc2 Ne3+ 68. Kd2 Nc4+ 69. Kc1 Kd6 70. Nxh5 Ke7 71. f5 Ne3 72. Kd2 Nxf5 73. Kd3 Ke6 74. Nf4+ Ke5 75. Ng6+ Kd6 76. Nf4 Ne7 77. Ke3 Nc6 78. h4 gxh3 79. Nxh3 Ne5 80. Kd4 Nc4 81. Nf4 Nxb2 82. Nxd5 Nc4 83. Nxf6 Nxa3 84. Ne4+ Kc6 85. Nd2 Nc2+ 86. Kd3 Ne1+ 87. Ke2 Nc2 88. Kd3 Ne1+ 89. Ke2 Nc2 90. Kd3 1/2-1/2

[Event "Romanian-ch Youth Open U14 2024"]
[Site "Eforie Nord"]
[Date "2024.04.14"]
[Round "4.2"]
[White "Dodoi, Matei-Teodor"]
[Black "Savu, Victor-Xavier"]
[Result "1-0"]
[ECO "E01"]
[WhiteElo "2070"]
[BlackElo "1801"]
[Annotator "NA RC"]
[PlyCount "81"]
[EventDate "2024.04.10"]
[EventType "swiss"]
[EventCountry "ROU"]
[SourceTitle "playchess.com"]
[Source "ChessBase"]
[SourceQuality "1"]
[TimeControl "5400+30"]

1. d4 d5 2. c4 e6 3. Nf3 Nf6 4. Nbd2 c6 5. Qc2 Nbd7 6. g3 Bd6 7. Bg2 O-O 8. O-O Re8 9. Re1 e5 {[%emt 0:01:41] E01: Catalan: Early deviations.} 10. dxe5 Nxe5 11. Nxe5 Bxe5 12. cxd5 Nxd5 13. Nf3 Bf6 14. e4 Nb6 15. Bf4 g6 16. Rad1 Qe7 17. a4 Qb4 18. e5 $11 Bf5 19. Qc1 Be7 20. Rd4 Qb3 21. Nd2 Qc2 22. Ne4 Qxc1 23. Rxc1 Bxe4 24. Bxe4 Rad8 25. Rxd8 Rxd8 26. a5 Nd5 27. Bxd5 Rxd5 28. a6 bxa6 29. Rxc6 g5 30. Be3 a5 31. f4 Rb5 32. fxg5 Rxe5 33. Rc8+ Bf8 34. Bd4 Rd5 35. Bf6 Rd7 36. Kg2 Rb7 37. h4 a4 38. Kh3 a3 39. bxa3 a5 40. Ra8 a4 41. Bc3 1-0

[Event "Romanian-ch Youth Open U14 2024"]
[Site "Eforie Nord"]
[Date "2024.04.15"]
[Round "5.1"]
[White "Ilinca, Felix-Antonio"]
[Black "Dodoi, Matei-Teodor"]
[Result "1-0"]
[ECO "B12"]
[WhiteElo "2371"]
[BlackElo "2070"]
[Annotator "TA"]
[PlyCount "113"]
[EventDate "2024.04.10"]
[EventType "swiss"]
[EventCountry "ROU"]
[SourceTitle "playchess.com"]
[Source "ChessBase"]
[SourceQuality "1"]
[TimeControl "5400+30"]

1. e4 c6 2. d4 d5 3. e5 Bf5 4. h4 h5 5. Bd3 Bxd3 6. Qxd3 e6 7. Nf3 Qa5+ 8. Nbd2 Qa6 9. c4 Nh6 {[%emt 0:02:03] The position is equal.} 10. O-O Nf5 11. b3 Nd7 12. a4 Rc8 13. Qc3 b6 14. a5 b5 ({Black should play} 14... Qb7 $1 $11) 15. c5 $1 $14 Be7 16. g3 f6 {[%emt 0:13:58] [#]} (16... b4 $142 17. Qxb4 Rh6) 17. exf6 (17. b4 $142 $1) 17... gxf6 $16 18. Re1 Kf7 19. Nf1 Rce8 20. Bf4 Qc8 21. Ne3 Ng7 22. Ra2 Nf8 23. Rae2 Ng6 24. Ng2 Bd8 25. b4 Bc7 26. Qd2 (26. Bxc7 {simplifies} Qxc7 27. Ne3 Qd7 28. Qb3) 26... Qb8 27. Bxc7 Qxc7 28. Kh1 a6 29. Ng1 (29. Qd3 $16) 29... e5 30. dxe5 Nxe5 31. Nf4 Qd7 32. Qc3 Qf5 $1 33. Qd4 Re7 34. Kg2 Rhe8 35. Qd1 Ng4 36. Nf3 {[%emt 0:01:23][%cal Bg1f3,Bf3d4,Bd4f5,Bf5e7][%mdl 32] Dancing on a razor blade.} Rxe2 37. Nxe2 {[%emt 0:00:12] Black should prevent Ned4.} Ne6 38. Qd2 {[%emt 0:00:18] [#] Ned4 is the strong threat.} Kg7 $2 {[%emt 0:01:53][%mdl 8192] This costs Black the game.} (38... Qg6 $16) 39. Ned4 $18 Nxd4 40. Nxd4 Qd7 41. Nf5+ Kg6 (41... Kg8 $142 42. Rxe8+ Qxe8) 42. Rxe8 Qxe8 {[%emt 0:00:04][%mdl 4096] Endgame. KQN-KQN} 43. Qc2 {[%emt 0:00:05] Strongly threatening Nd6+.} Qe5 (43... Qe4+ 44. Qxe4 dxe4 45. Ne7+ Kf7 46. Nxc6 f5) 44. Ne7+ Kf7 45. Nxc6 Qa1 46. Qh7+ Ke6 47. Qxh5 Qd1 48. Qe8+ Kf5 49. Qd7+ Ke4 50. Qh7+ (50. Qe6+ $142 Ne5 51. Nxe5 (51. Qxf6 Nxc6 52. Qxc6 Qf3+ 53. Kg1 Qf7 $18) 51... fxe5 52. Qg6+ (52. Qxa6 Qf3+ 53. Kg1 Qd1+ 54. Kh2 Qe1 $18) 52... Kd4 53. c6 (53. Qxa6 Kc3 $18)) 50... f5 {[%emt 0:00:31][%cal Bf6f5,Bf5g4][%mdl 32] ( -> ...Qf3+)} 51. Qe7+ Kd3 52. Ne5+ Kc3 53. Nxg4 ({Weaker is} 53. c6 Ne3+ 54. Kh2 (54. fxe3 Qe2+ 55. Kg1 Qe1+ 56. Kg2 Qe2+ 57. Kg1 Qe1+ 58. Kg2 Qe2+ $11) 54... d4 $18) 53... fxg4 54. c6 {[%emt 0:00:29] White mates.} Qf3+ 55. Kg1 Qd1+ 56. Kh2 Qc2 57. Qc5+ {[%emt 0:00:06] Weighted Error Value: White=0.19 (very precise) /Black=0.48.  Loses game:     	---       	Black=1      Mistake:       	White=2     	Black=4      Inaccurate:     	White=2     	Black=1      OK:         	White=16    	Black=17     Best:        	White=2     	Black=3      Strong:       	White=1     	Black=1} 1-0

[Event "Romanian-ch Youth Open U14 2024"]
[Site "Eforie Nord"]
[Date "2024.04.15"]
[Round "5.2"]
[White "Gales, Randi-Ioan"]
[Black "Leu, Dragos Stefan"]
[Result "1-0"]
[ECO "A21"]
[WhiteElo "2026"]
[BlackElo "1948"]
[Annotator "NA RC"]
[PlyCount "57"]
[EventDate "2024.04.10"]
[EventType "swiss"]
[EventCountry "ROU"]
[SourceTitle "playchess.com"]
[Source "ChessBase"]
[SourceQuality "1"]
[TimeControl "5400+30"]

1. c4 e5 2. g3 d6 3. Nc3 f5 4. d4 Nc6 5. dxe5 dxe5 6. Qxd8+ Nxd8 7. Nf3 e4 8. Nd4 c6 9. g4 fxg4 10. Nxe4 Nf6 11. Nxf6+ gxf6 12. Bg2 Ne6 13. Nxc6 Bd7 14. Na5 Nd4 15. O-O Nxe2+ 16. Kh1 Nxc1 17. Raxc1 O-O-O 18. Nxb7 Re8 19. c5 Kc7 20. c6 Bc8 21. Rc4 Re2 22. Ra4 Rxb2 23. Rxa7 Kb8 24. Ra4 h5 25. Bd5 h4 26. Rc1 Rh7 27. Nd6 Bb7 28. cxb7 Rc7 29. Ra8# 1-0

[Event "Romanian-ch Youth Open U14 2024"]
[Site "Eforie Nord"]
[Date "2024.04.16"]
[Round "6.1"]
[White "Tanasie, Cosmin"]
[Black "Gales, Randi-Ioan"]
[Result "1/2-1/2"]
[ECO "B13"]
[WhiteElo "2017"]
[BlackElo "2026"]
[Annotator "TA"]
[PlyCount "104"]
[EventDate "2024.04.10"]
[EventType "swiss"]
[EventCountry "ROU"]
[SourceTitle "playchess.com"]
[Source "ChessBase"]
[SourceQuality "1"]
[TimeControl "5400+30"]

1. d4 Nf6 2. Bf4 d5 3. e3 c5 4. Nc3 cxd4 5. exd4 Bd7 6. Nf3 Nc6 7. h3 Rc8 8. Be2 e6 9. O-O Be7 10. a3 O-O 11. Bd3 Na5 12. Ne5 Nc4 13. Bxc4 dxc4 14. Bg5 h6 15. Bxf6 Bxf6 16. Ne4 Be7 17. c3 Bc6 18. f3 Bd5 19. Kh1 Qe8 {[%emt 0:00:30] [#] Threatens to win with ...f6.} 20. Nd2 Bd6 21. Qc2 b5 22. Rfe1 Qe7 23. Ne4 Bc7 24. Qf2 Rfd8 25. g3 Kh7 26. Kg2 ({Better is} 26. Qc2 Kg8 27. Nd2) 26... Bxe5 ({Black should try} 26... f6 $17 27. Qc2 Kg8 (27... fxe5 28. Nf6+ Kh8 29. Qh7#)) 27. dxe5 $15 Bxe4 28. Rxe4 Rd3 29. Re2 Rcd8 30. Rf1 Qd7 31. Qc5 a6 32. Qb6 Rd1 33. Rxd1 Qxd1 $17 {[%emt 0:00:03][%mdl 4096] Endgame. KQR-KQR} 34. Qf2 Rd3 35. Re1 {[%emt 0:00:02] White is weak on the light squares} Qd2 36. Re2 Qc1 37. Re1 Qg5 38. Re2 h5 39. f4 (39. h4 $15 Qc1 40. Re1) 39... Qg6 (39... Qe7 $142 40. Kh2 Qb7) 40. Re3 Qf5 (40... Rd8 $17) 41. Rxd3 $15 cxd3 {[%emt 0:01:47] KQ-KQ} 42. Qe3 f6 43. Kf3 $2 (43. Qd4 $11) 43... d2 $2 ({Inferior is} 43... Qxh3 44. exf6 Qh1+ (44... Qf1+ 45. Ke4 $11) 45. Kf2 $11) (43... fxe5 $19 {aiming for ...h4.} 44. Qxe5 Qxh3 45. Qe4+ Kh6 (45... Qf5 46. Qxf5+ exf5 47. Ke3 $15) 46. Qxd3 h4) 44. Qxd2 $11 fxe5 45. g4 hxg4+ 46. hxg4 e4+ (46... Qb1 $11) 47. Ke3 (47. Kg3 $16 Qg6 48. Qd4) 47... Qxg4 {[%emt 0:00:13] [#] Strongly threatening ...Qf3+. The position is equal.} 48. Kxe4 Qf5+ 49. Ke3 Qh3+ 50. Ke4 Qf5+ 51. Ke3 Qh3+ 52. Ke4 Qf5+ {[%emt 0:00:30] Weighted Error Value: White=0.26 (precise) /Black=0.23 (precise) .  Loses game:     	White=1     	---        Missed win:     	---       	Black=1      Mistake:       	White=3     	Black=4      Inaccurate:     	White=2     	Black=2      OK:         	White=17    	Black=16} 1/2-1/2

[Event "Romanian-ch Youth Open U14 2024"]
[Site "Eforie Nord"]
[Date "2024.04.16"]
[Round "6.2"]
[White "Constantinoiu, Alexandru Ioan"]
[Black "Ilinca, Felix-Antonio"]
[Result "0-1"]
[ECO "B40"]
[WhiteElo "1831"]
[BlackElo "2371"]
[Annotator "TA"]
[PlyCount "50"]
[EventDate "2024.04.10"]
[EventType "swiss"]
[EventCountry "ROU"]
[SourceTitle "playchess.com"]
[Source "ChessBase"]
[SourceQuality "1"]
[TimeControl "5400+30"]

1. e4 c5 2. Nf3 e6 3. d4 cxd4 4. Nxd4 Nf6 5. Bd3 Nc6 6. Nxc6 bxc6 7. O-O d5 8. e5 Nd7 9. Re1 Be7 10. Qg4 g6 11. Bh6 Rb8 {[%emt 0:00:30] White is slightly better.} 12. b3 Rb4 (12... Qc7 $14) 13. c4 $16 dxc4 (13... Qc7 $142) 14. Bxc4 {[%emt 0:00:30] aiming for Nd2.} Nxe5 15. Qe4 {[%emt 0:00:30] [#]} (15. Rxe5 $16 {is forced if you want to stay better.} Bf6 16. Re1 Bxa1 17. Bxe6 Bxe6 (17... Rxg4 $2 18. Bxc8+ $18) 18. Qxb4) 15... Nxc4 $17 16. bxc4 Bf6 17. a3 (17. Qxc6+ $2 {is the wrong capture.} Bd7 18. Qc5 Qb6 19. Qxb6 axb6 $19) 17... Rb2 $36 {[%emt 0:00:30][%mdl 2048] Hoping for ...g5. White is under pressure.} 18. Qxc6+ Bd7 (18... Qd7 $15 19. Qxd7+ Bxd7) 19. Qe4 $2 {[%emt 0:00:30] [#] Now White is beyond hope.} (19. Qf3 $1 $14 {was the only good move.} Bd4 20. Nd2) 19... g5 $1 $19 {[%emt 0:00:30] ...Qb6 is the strong threat.} 20. a4 $2 (20. Re3 Rxf2 21. Kxf2 Bxa1 22. Rh3) 20... Qb6 {[%emt 0:00:30][%cal Od7c6] Strongly threatening ...Bc6!} 21. Ra3 (21. Re3 $142 Bc6 22. a5) 21... Bc6 22. a5 Qxf2+ {[%emt 0:00:30] Black mates.} 23. Kh1 Bxe4 {[%emt 0:00:30][%cal Rf2e1] This pair of bishops is nice.} 24. Rg1 Qxg2+ 25. Rxg2 Rxb1# {[%emt 0:00:30] Weighted Error Value: White=1.46/Black=0.19 (very precise) .  Loses game:     	White=1     	---        Mistake:       	White=3     	Black=3      Inaccurate:     	White=1     	Black=1      OK:         	White=5     	Black=4      Best:        	White=1     	Black=1      Strong:       	---       	Black=1} 0-1

[Event "Romanian-ch Youth Open U14 2024"]
[Site "Eforie Nord"]
[Date "2024.04.17"]
[Round "7.1"]
[White "Ilinca, Felix-Antonio"]
[Black "Gales, Randi-Ioan"]
[Result "1-0"]
[ECO "B30"]
[WhiteElo "2371"]
[BlackElo "2026"]
[Annotator "TA"]
[PlyCount "107"]
[EventDate "2024.04.10"]
[EventType "swiss"]
[EventCountry "ROU"]
[SourceTitle "playchess.com"]
[Source "ChessBase"]
[SourceQuality "1"]
[TimeControl "5400+30"]

1. e4 c5 2. Nf3 Nc6 3. Bb5 g5 4. h3 h6 5. c3 Nf6 6. e5 Nd5 7. O-O Bg7 8. d4 {[%emt 0:03:26] White has an edge.} cxd4 9. Nxd4 {[%emt 0:02:02] Hoping for Nf5.} Nc7 10. Bxc6 (10. Ba4 $1 $11 {feels stronger.}) 10... dxc6 $15 11. Qe2 Qd5 12. f4 c5 13. Nc2 gxf4 (13... Bf5 $15 {deserves consideration.} 14. Ne3 Qd3) 14. Bxf4 $11 Be6 15. Ne3 Qc6 (15... Qe4 $1 $11) 16. c4 $1 $14 O-O-O 17. Nc3 $36 {[%emt 0:02:00][%mdl 2048] White has the initiative.} Rd4 18. Ned5 Qd7 {[%emt 0:09:18] [#]} (18... Kd8 $142) 19. Nxc7 (19. Rad1 $1 $16) 19... Bxc4 $1 $11 20. Qh5 {[%emt 0:10:34][%cal Oc7b5] aiming for N7b5!} (20. e6 fxe6 21. Qg4 Bf6 $17) (20. Qf3 {is more complex.} e6 21. Qg3 Bf8 22. Nxe6 fxe6 23. Rf3) 20... Bxf1 {[%emt 0:03:41][%mdl 8192] A mistake that costs the game.} (20... e6 $1 $11 {and Black has nothing to worry.}) 21. Rxf1 $18 (21. e6 $2 fxe6 22. Rxf1 Rxf4 23. Rxf4 Qxc7 $19 (23... Kxc7 24. Qxc5+ Kb8 25. Rg4 $17)) 21... Rxf4 22. Rxf4 Kxc7 23. Rxf7 ({Worse is} 23. Qxf7 Bxe5 24. Rf5 Bd4+ (24... Rd8 25. Nb5+ Kc6 26. Rxe5 $11) 25. Kh1 Kb8 $17) 23... Bf8 24. Qf3 Qd8 (24... Qd4+ 25. Kh1 Qxe5 26. Rxf8 Rxf8 27. Qxf8 Qg5) 25. Nb5+ Kb6 {[%emt 0:01:16] [#]} 26. Nd6 $1 Qd7 27. Rxf8 Rxf8 28. Qxf8 exd6 29. Qxh6 {[%emt 0:00:06][%mdl 4096] Endgame. KQ-KQ} Kb5 30. Qxd6 Qf5 31. e6 Qe4 32. e7 Kc4 33. Kf2 b6 34. b3+ Kc3 35. Qg3+ Kd2 36. Qg5+ Kd3 37. Kg1 Kc2 38. h4 Qd4+ 39. Kh2 Qd6+ 40. g3 Qe6 41. h5 {[%emt 0:00:44] Threatening mate with Qg6+.} Qe2+ 42. Kh3 {[%emt 0:00:11] White wants to mate with Qf5+.} Qe6+ 43. g4 {[%emt 0:00:30] White threatens Qg6+ and mate.} Kb2 44. Qg7+ Kxa2 45. Qf8 Qe3+ 46. Kh4 Qe1+ 47. Kg5 Qe3+ 48. Kg6 Qe4+ 49. Kh6 Qe6+ 50. Kh7 Qe4+ 51. Kh8 Qd4+ 52. Qg7 Qd7 53. h6 (53. Qf7 $142 Qd4+ 54. Kh7 Qe4+ 55. Kh6 Qc6+ 56. Qg6 Qg2 57. e8=Q (57. e8=B Qd2+ 58. g5 Kxb3 $18) 57... Qd2+ 58. g5) 53... Qe6 54. g5 {[%emt 0:00:17] Weighted Error Value: White=0.29 (precise) /Black=0.35.  Loses game:     	---       	Black=1      Mistake:       	White=2     	Black=4      Inaccurate:     	---       	Black=1      OK:         	White=7     	Black=7      Best:        	White=1     	---        Strong:       	White=1     	Black=1} 1-0

[Event "Romanian-ch Youth Open U14 2024"]
[Site "Eforie Nord"]
[Date "2024.04.17"]
[Round "7.2"]
[White "Tanasie, Cosmin"]
[Black "Dodoi, Matei-Teodor"]
[Result "1-0"]
[ECO "D00"]
[WhiteElo "2017"]
[BlackElo "2070"]
[Annotator "TA"]
[PlyCount "129"]
[EventDate "2024.04.10"]
[EventType "swiss"]
[EventCountry "ROU"]
[SourceTitle "playchess.com"]
[Source "ChessBase"]
[SourceQuality "1"]
[TimeControl "5400+30"]

1. d4 Nf6 2. Bf4 d5 3. e3 g6 4. Nc3 Bg7 5. Nb5 Na6 6. h3 {[%emt 0:00:06] D00: 1 d4 d5: Unusual lines.} c6 7. Na3 Nc7 8. Nf3 O-O 9. Bd3 Re8 10. O-O Ne4 11. c4 $146 ({Predecessor:} 11. c3 Bd7 12. Nb1 h6 13. Nbd2 Nxd2 14. Qxd2 c5 15. Rfe1 b6 16. Rad1 Kh7 17. Bb1 {1-0 Al Saffar,A (2382)-Nurmanova,A (2026) Titled Tuesday intern op 01st Sept blitz 2020 (9)}) 11... Bf5 12. cxd5 cxd5 13. Qb3 (13. Rc1 $16 Rc8 14. Qb3) 13... Ne6 $11 14. Be5 (14. Qxb7 $2 N4c5 15. dxc5 Nxc5 $19 (15... Bxd3 16. Rfe1 $17)) 14... Bxe5 15. Bxe4 $1 Bxe4 16. Nxe5 f6 17. Ng4 Qb6 18. f3 Qxb3 19. axb3 Bf5 20. Nf2 g5 21. Nb5 a6 22. Nc3 Red8 23. Ra5 Nc7 24. Rc5 Rac8 25. Rc1 Ne6 26. Rxc8 (26. Rxd5 $2 {too greedy.} Rxd5 27. Rf1 Rd6 $19) ({But not} 26. Nxd5 Rxc5 (26... Nxc5 27. Nxe7+ Kf8 28. Nxc8 $11) 27. Rxc5 Nxc5 28. Nxe7+ Kf7 29. Nxf5 Nxb3 $17) 26... Rxc8 27. Kf1 (27. g4 $5 Bg6 $8 28. Ra1 $11) 27... Nf8 28. Ke2 Nd7 29. Kd2 Nb6 30. Na4 Rxc1 31. Kxc1 Nxa4 32. bxa4 Kf7 33. b4 Bd7 34. a5 Bb5 35. Kd2 Bf1 36. g3 $1 e5 37. f4 gxf4 38. gxf4 e4 39. Ke1 Bg2 40. h4 Kg6 41. Nd1 Bh3 42. Nc3 Be6 43. Kf2 Kf7 $2 ({Black should try} 43... h6 $14) 44. f5 $1 $18 Bxf5 45. Nxd5 Ke6 46. Nc3 Bg6 47. Kg3 Kf5 48. b5 Be8 $2 (48... Bf7 49. bxa6 bxa6) 49. bxa6 $18 bxa6 50. Nd5 Bb5 51. Nc7 Bc4 52. Ne8 Bd3 53. Ng7+ Kg6 {[%emt 0:00:12] [#]} 54. Ne6 $1 Kf5 55. Nf8 Bb5 $2 {[%emt 0:01:16] [#]} (55... h6 56. Nd7 Bc4) 56. d5 $1 $18 ({Worse is} 56. Nxh7 Kg6 57. Kf4 (57. Nf8+ Kf7 $11) 57... Kxh7 $11) 56... Ke5 57. Nxh7 Be8 58. Kg4 $2 (58. d6 $18) 58... Bd7+ $1 $11 59. Kh5 Bf5 $2 (59... Be8+ $11 60. Kh6 f5) 60. d6 $18 Kxd6 61. Nxf6 Kc5 62. Kg5 Be6 63. h5 Kc4 64. h6 Kd3 65. h7 1-0